 Dungeon Crawl Stone Soup version 0.32-a0-128-g77eb882913 (webtiles) character file.

Game seed: 2606451661068635503

97 Ambrosia the Shooter (level 4, -3/38 HPs)
             Began as a Minotaur Hunter on Feb 7, 2024.
             Slain by an orc wizard
             ... wielding a +0 dagger of protection
              (4 damage)
             ... on level 3 of the Dungeon.
             The game lasted 00:02:27 (1581 turns).

Ambrosia the Shooter (Minotaur Hunter)              Turns: 1581, Time: 00:02:28

Health: -3/38      AC:  4    Str: 15    XL:     4   Next: 42%
Magic:  3/3        EV: 12    Int:  6    God:
Gold:   137        SH:  0    Dex: 16    Spells: 3/3 levels left

rFire   . . .        a - +0 shortbow
rCold   . . .        (shield currently unavailable)
rNeg    . . .        c - +0 leather armour
rPois   .            (helmet restricted)
rElec   .            (no cloak)
rCorr   .            (no gloves)
SInv    .            f - +0 pair of boots
Will    .....        (no amulet)
Stlth   +            (no ring)
HPRegen 0.26/turn    (no ring)
MPRegen 0.08/turn

%: no passive effects
@: no status effects
A: horns 2, retaliatory headbutt
a: no special abilities


You were on level 3 of the Dungeon.
You visited 1 branch of the dungeon, and saw 3 of its levels.

You collected 137 gold pieces.

Inventory:

Hand Weapons
 a - a +0 shortbow (weapon)
Armour
 c - a +0 leather armour (worn)
 f - a +0 pair of boots (worn)
   (You found it on level 1 of the Dungeon)
Scrolls
 b - a scroll of butterflies
 d - a scroll of identify {@r1}
 e - a scroll of teleportation {!r!d, @r3}
 j - a scroll of revelation
Potions
 g - a potion of magic
 h - a potion of curing {@q1, !d}
 i - a potion of lignification {!q}


   Skills:
 + Level 3.3 Fighting
 * Level 5.3 Ranged Weapons
 + Level 1.9 Armour
 + Level 3.0 Dodging
 - Level 0.7 Stealth


You had 3 spell levels left.
You didn't know any spells.
Your spell library contained the following spells:

 Spells                   Type           Power      Damage    Failure   Level
 Freeze                   Ice            0%         1d3       52%         1
 Frozen Ramparts          Ice            0%         1d1       88%         3
 Gell's Gravitas          Tloc           0%         N/A       88%         3
 Hailstorm                Conj/Ice       0%         3d5       88%         3
 Teleport Other           Tloc           0%         N/A       88%         3
 Dispersal                Tloc           0%         N/A       100%        6


Dungeon Overview and Level Annotations

Branches:
Dungeon (3/15) Zot: 16386

Altars:

Shops:
D:1 *[*[*


Innate Abilities, Weirdness & Mutations

You have a pair of horns on your head.
You reflexively headbutt those who attack you in melee.


Message History

A puff of flame appears from out of thin air!
The puff of flame hits you.
You take 4 damage, and have 34/38 hp.
You shoot an arrow. The arrow completely misses the orc.
Something hits you but does no damage.
You shoot an arrow. The arrow hits the orc!
You kill the orc!
You shoot an arrow. The arrow hits the orc.
You kill the orc!
Something hits you.
You take 2 damage, and have 33/38 hp.
You shoot an arrow. The arrow hits the orc.
You hear some strange, mumbled words.
A puff of flame appears from out of thin air!
The puff of flame misses you.
You shoot an arrow.
The arrow hits the orc but does no damage.
Something hits you. The orc hits you but does no damage.
You take 3 damage, and have 31/38 hp.
You shoot an arrow. The arrow barely misses the orc.
Something hits you. The orc hits you with a +0 flail.
You take 7 damage, and have 24/38 hp.
You are too injured to fight recklessly!
You are too injured to fight recklessly!
You are too injured to fight recklessly!
Fire: a) +0 shortbow
Press: ? - help, Q - select action Shift-Dir - straight line, f/p - orc
Aim: an orc, wielding a +0 flail and wearing a +0 ring mail (heavily wounded, 66% to hit)
You shoot an arrow.
The arrow hits the orc but does no damage.
You hear some strange, mumbled words.
A magic dart appears from out of thin air!
The magic dart hits you. The orc closely misses you.
The orc completely misses you. Something hits you but does no damage.
You take 3 damage, and have 21/38 hp.
Fire: a) +0 shortbow
Press: ? - help, Q - select action Shift-Dir - straight line, f/p - orc
Aim: an orc, wielding a +0 flail and wearing a +0 ring mail (heavily wounded, 66% to hit)
You shoot an arrow. The arrow hits the orc.
Something hits you but does no damage. The orc barely misses you.
Fire: a) +0 shortbow
Press: ? - help, Q - select action Shift-Dir - straight line, f/p - orc
Aim: an orc, wielding a +0 flail and wearing a +0 ring mail (almost dead, 66% to hit)
You shoot an arrow. The arrow hits the orc!
You kill the orc!
Something hits you but does no damage.
Fire: a) +0 shortbow
Press: ? - help, Q - select action Shift-Dir - straight line You shoot an arrow.
Something completely misses you.
Fire: a) +0 shortbow
Press: ? - help, Q - select action Shift-Dir - straight line You shoot an arrow.
Something hits you but does no damage.
Fire: a) +0 shortbow
Press: ? - help, Q - select action Shift-Dir - straight line You shoot an arrow.
Something hits you but does no damage.
Fire: a) +0 shortbow
Press: ? - help, Q - select action Shift-Dir - straight line You shoot an arrow.
Something hits you but does no damage.
You shoot an arrow. Something completely misses you.
You shoot an arrow. Something hits you but does no damage.
You shoot an arrow. Something hits you. Something hits you but does no damage.
You take 4 damage, and have 20/38 hp.
You shoot an arrow. Something barely misses you.
You shoot an arrow. Something hits you.
You take 3 damage, and have 17/38 hp.
You shoot an arrow. Something hits you.
You take 2 damage, and have 15/38 hp.
You shoot an arrow. Something hits you.
You take 2 damage, and have 13/38 hp.
You shoot an arrow. Something hits you.
You take 1 damage, and have 12/38 hp.
You shoot an arrow.
Something hits you but does no damage. x2
You shoot an arrow. Something hits you.
* * * LOW HITPOINT WARNING * * *
You take 3 damage, and have 9/38 hp.
You shoot an arrow. Something hits you but does no damage.
You shoot an arrow. Something barely misses you.
You shoot an arrow.
You hear some strange, mumbled words.
Something tries to affect you, but you resist.
You shoot an arrow.
You hear some strange, mumbled words.
A magic dart appears from out of thin air!
The magic dart hits you.
* * * LOW HITPOINT WARNING * * *
Something hits you but does no damage.
You take 5 damage, and have 5/38 hp.
You shoot an arrow.
You hear some strange, mumbled words.
A magic dart appears from out of thin air!
The magic dart hits you.
* * * LOW HITPOINT WARNING * * *
You take 4 damage, and have 1/38 hp.
You shoot an arrow. Something hits you but does no damage.
You shoot an arrow. Something hits you.
You die...

#..#.##.####.....#.#
#..#....# #.###.#.#
#..###### #........
#####.....#
#######.#
#.....###.# #.#
....##### #.# #..
###.# ###'## ###
.<.ß.##{...#
#....))@...#
#######....# #....#
######


There were no monsters in sight!

Vanquished Creatures
  5 adders (D:2)
  A ribbon worm (D:2)
  3 orcs (D:3)
  3 endoplasms (D:2 D:3)
  3 giant cockroaches (D:1 D:2)
  2 goblins (D:1 D:2)
  4 hobgoblins (D:1 D:2 D:3)
  4 jackals (D:2)
  A quokka (D:2)
  4 ball pythons (D:1 D:2)
  6 bats (D:1 D:2)
  5 frilled lizards (D:1 D:2)
  2 kobolds (D:1 D:2)
  6 rats (D:1 D:2 D:3)
49 creatures vanquished.

Notes
Turn   | Place    | Note
-------+----------+-------------------------------------------
     0 | D:1      | Ambrosia the Minotaur Hunter began the quest for the Orb.
     0 | D:1      | Reached XP level 1. HP: 18/18 MP: 0/0
    33 | D:1      | Found Xailac's Antique Armour Shop.
    58 | D:1      | Found Osyts's General Store.
   203 | D:1      | Reached XP level 2. HP: 25/25 MP: 1/1
   203 | D:1      | Found Cukepase's General Store.
   289 | D:1      | Found Remmyppa's Assorted Antiques.
   418 | D:1      | Found Yqusics's Antique Armour Emporium.
   534 | D:1      | Found a faded altar of an unknown god.
   576 | D:2      | Reached skill level 1 in Armour
   601 | D:2      | Reached XP level 3. HP: 24/30 MP: 2/2
   615 | D:2      | Reached skill level 3 in Fighting
   694 | D:2      | Reached skill level 5 in Ranged Weapons
   842 | D:2      | Reached XP level 4. HP: 22/38 MP: 3/3
  1382 | D:3      | Reached skill level 3 in Dodging
  1569 | D:3      | HP: 17/38 [something (4)]
  1574 | D:3      | HP: 9/38 [something (3)]
  1579 | D:3      | HP: 1/38 [something/magic dart (5)]
  1581 | D:3      | Slain by an orc wizard

Illustrated notes

Levels and vault maps discovered:
D:1:      wander_arrival_chamber, layout_basic, serial_shops, shop,
          nicolae_shop_advertising_works [nicolae_subvault_shop_adworks], shop,
          nicolae_shop_window_shopping, shop,
          dreamdust_ecumenical_altar_hidden_monk_grotto
D:2:      layout_loops_ring
D:3:      layout_basic, nicolae_wu_jian_glorious_leap, serial_shops, shop_statue

Skill      XL: |  1  2  3  4 |
---------------+-------------+-----
Armour         | 1 |  1.9
Fighting       | 3 |  3.3
Ranged Weapons | 5 |  5.3
Dodging        | 3 |  3.0
Stealth        | |  0.7

Action                     |  1- 3 |  4- 6 || total
---------------------------+-------+-------++-------
   Fire: Shortbow          |    97 |    69 ||   166
    Use: Scroll            |     4 |     3 ||     7
 Armour: Leather armour    |    28 |    39 ||    67
  Dodge: Dodged            |    30 |    18 ||    48

Table legend: (Time is in decaauts)
 A = Elapsed time spent in this place.
 B = Non-inter-level travel time spent in this place.
 C = Inter-level travel time spent in this place.
 D = Time resting spent in this place.
 E = Time spent auto-exploring this place.
 F = Levels seen in this place.
 G = Mean time per level.
                   A        B        C        D        E       F      G
               +--------+--------+--------+--------+--------+-----+--------+
         Total |   1612 |   1565 |     47 |     77 |   1201 |   3 |  537.3 |
       Dungeon |   1612 |   1565 |     47 |     77 |   1201 |   3 |  537.3 |
               +--------+--------+--------+--------+--------+-----+--------+

Top non-repeatable levels by time:
     D:2: 821 daAuts
     D:1: 578 daAuts
     D:3: 212 daAuts

Levels and vault maps discovered:
D:1:      wander_arrival_chamber, layout_basic, serial_shops, shop,
          nicolae_shop_advertising_works [nicolae_subvault_shop_adworks], shop,
          nicolae_shop_window_shopping, shop,
          dreamdust_ecumenical_altar_hidden_monk_grotto
D:2:      layout_loops_ring
D:3:      layout_basic, nicolae_wu_jian_glorious_leap, serial_shops, shop_statue

Table legend: (Time is in decaauts)
 A = Elapsed time spent in this place.
 B = Non-inter-level travel time spent in this place.
 C = Inter-level travel time spent in this place.
 D = Time resting spent in this place.
 E = Time spent auto-exploring this place.
 F = Levels seen in this place.
 G = Mean time per level.
                   A        B        C        D        E       F      G
               +--------+--------+--------+--------+--------+-----+--------+
         Total |   1612 |   1565 |     47 |     77 |   1201 |   3 |  537.3 |
       Dungeon |   1612 |   1565 |     47 |     77 |   1201 |   3 |  537.3 |
               +--------+--------+--------+--------+--------+-----+--------+

Top non-repeatable levels by time:
     D:2: 821 daAuts
     D:1: 578 daAuts
     D:3: 212 daAuts

Table legend:
 A = Kills in this place as a percentage of kills in the entire game.
 B = Kills by you in this place as a percentage of kills by you in the entire game.
 C = Kills by friends in this place as a percentage of kills by friends in the entire game.
 D = Other kills in this place as a percentage of other kills in the entire game.
 E = Experience gained in this place as a percentage of experience gained in the entire game.
 F = Experience gained in this place divided by the number of levels of this place that you have seen.
                   A       B       C       D       E      F
               +-------+-------+-------+-------+-------+----------------------
         Total | 100.0 | 100.0 |   N/A |   N/A | 100.0 |  46.3
       Dungeon | 100.0 | 100.0 |   N/A |   N/A | 100.0 |  46.3
               +-------+-------+-------+-------+-------+----------------------
